 Dungeon Crawl Stone Soup version 0.31.0-11-ge490571c62 (webtiles) character file.

Game seed: 7295174153055988162

132 hawla the Conjurer (level 4, -4/24 HPs)
             Began as a Deep Elf Fire Elementalist on Jan 29, 2024.
             Succumbed to their own poison gas
             ... on level 3 of the Dungeon.
             The game lasted 00:05:04 (2170 turns).

hawla the Conjurer (Deep Elf Fire Elementalist)     Turns: 2170, Time: 00:05:04

Health: -4/24      AC:  7    Str:  5    XL:     4   Next: 92%
Magic:  0/10       EV: 13    Int: 22    God:
Gold:   105        SH:  0    Dex: 15    Spells: 2/9 levels left

rFire   . . .        h - staff of conjuration
rCold   + . .        (no shield)
rNeg    . . .        a - +0 robe
rPois   .            s - +0 helmet
rElec   .            (no cloak)
rCorr   .            (no gloves)
SInv    .            (no boots)
Will    .....        k - amulet of reflection
Stlth   +            l - ring of protection from cold
HPRegen 0.24/turn    p - +4 ring of protection
MPRegen 0.12/turn

%: reflection
@: confused, lethally poisoned (-4 -> -30), attractive, very slightly
contaminated
A: no striking features
a: no special abilities


You were on level 3 of the Dungeon.
You visited 1 branch of the dungeon, and saw 3 of its levels.

You collected 105 gold pieces.

Inventory:

Armour
 a - a +0 robe (worn)
 s - a +0 helmet (worn)
Magical Staves
 h - a staff of conjuration (weapon)
Jewellery
 k - an amulet of reflection (around neck)
 l - a ring of protection from cold (left hand)
 p - a +4 ring of protection (right hand)
Scrolls
 c - a scroll of poison
 e - a scroll of noise
 g - 2 scrolls of identify
 j - a scroll of fog {unknown}
 n - a scroll of brand weapon {unknown}
 q - a scroll of teleportation {unknown}
 t - a scroll of fear {unknown}
Potions
 b - a potion of magic
 f - 2 potions of attraction
 i - a potion of curing {unknown}
 m - a potion of degeneration {unknown}
 o - 2 potions of might {unknown}
 r - a potion of enlightenment {unknown}
 u - 2 potions of lignification {unknown}


   Skills:
 - Level 4.0 Dodging
 - Level 2.4 Stealth
 - Level 3.0 Spellcasting
 + Level 4.4 Conjurations
 - Level 3.2 Fire Magic


You had 2 spell levels left.
You knew the following spells:

 Your Spells              Type           Power      Damage    Failure   Level
a - Foxfire               Conj/Fire      100%       2x1d9     2%          1
b - Scorch                Fire           34%        2d6       4%          2
c - Flame Wave            Conj/Fire      30%        2d9       26%         4

Your spell library contained the following spells:

 Spells                   Type           Power      Damage    Failure   Level
 Inner Flame              Hex/Fire       10%        N/A       19%         3
 Volatile Blastmotes      Fire/Tloc      20%        2d11      19%         3


Dungeon Overview and Level Annotations

Branches:
Dungeon (3/15)

Altars:


Message History

d - a potion of heal wounds The orc hits you but does no damage.
You block the hobgoblin's attack.
You feel much better.
The orc wizard hits you but does no damage.
You block the hobgoblin's attack. The orc misses you.
Unknown command.
Casting: Flame Wave (astonishingly dangerous; 26% risk of failure)
Confirm with . or Enter, or press ? or * to list all spells.
You feel a surge of power!
You conjure some foxfire!
The hobgoblin barely misses you.
The foxfire hits the orc.
The orc is moderately wounded.
The foxfire hits the hobgoblin.
The hobgoblin is lightly wounded.
The orc wizard closely misses you. The hobgoblin hits you.
Casting: Foxfire (safe; 2% risk of failure)
Confirm with . or Enter, or press ? or * to list all spells.
You feel a surge of power!
You conjure some foxfire!
The orc wizard casts a spell at you.
You are confused.
The orc closely misses you. The hobgoblin barely misses you.
The foxfire hits the hobgoblin.
The hobgoblin is almost dead.
The foxfire hits the orc.
The orc is heavily wounded.
The orc wizard hits you but does no damage.
The orc barely misses you. The hobgoblin closely misses you.
You closely miss the orc.
The orc is heavily wounded.
The orc wizard hits you with a +0 dagger.
The orc hits you but does no damage. The hobgoblin hits you.
You are engulfed in poison gas.
You are poisoned.
You feel very sick.
You are too confused!
It was a potion of attraction.
You feel attractive to monsters.
You are engulfed in poison gas.
You are more poisoned.
* * * LOW HITPOINT WARNING * * *
You die...

######## #....
#......# ##°§°○.
#......# #☼☼.§°.
#......#
##§☼○☼..
#####......#
##☼°☼☼°°#
##...........
#§☼§○§°.##
#..###..)†...
.§§§§°.☼§# #.##
#.......
.§°☼.§§☼@# ##.#
#.......
.○§.☼.oo§###..#
#......#
.☼○°°○rg○°#..##
########
.○☼§.○§o§§§..#
.°.○○○○°####...#
#######
#.○§$§○§# ###..#
#....<.
#####°#§#
#...#......
#§○☼# ...#.§....
#..## .........


You could see an orc wizard, 2 orcs, a hobgoblin and a rat.

Vanquished Creatures
  A hound (D:3)
  4 adders
  A dart slug (D:1)
  5 orcs (D:3)
  5 bats
  5 endoplasms
  A giant cockroach (D:1)
  9 goblins
  2 hobgoblins
  5 jackals (D:2)
  A quokka (D:3)
  9 ball pythons
  3 frilled lizards
  5 kobolds
  5 rats
61 creatures vanquished.

Vanquished Creatures (others)
  121 foxfires
121 creatures vanquished.

Grand Total: 182 creatures vanquished

Notes
Turn   | Place    | Note
-------+----------+-------------------------------------------
     0 | D:1      | hawla the Deep Elf Fire Elementalist began the quest for
                  | the Orb.
     0 | D:1      | Reached XP level 1. HP: 10/10 MP: 6/6
   114 | D:1      | Reached XP level 2. HP: 15/15 MP: 5/8
   808 | D:2      | Reached XP level 3. HP: 14/19 MP: 6/9
  1546 | D:2      | Reached XP level 4. HP: 20/24 MP: 3/10
  1553 | D:2      | Learned a level 2 spell: Scorch
  1846 | D:3      | Learned a level 4 spell: Flame Wave
  1931 | D:3      | Noticed a kobold brigand
  2170 | D:3      | Succumbed to their own poison gas

Illustrated notes

Levels and vault maps discovered:
D:1:      minmay_arrival_statue_studded, layout_basic, grunt_decor_cap,
          minmay_misc_feat_cross, corexii_hall_statues_u
D:2:      layout_basic, st_stairs_11
D:3:      layout_rooms, gammafunk_temple_overflow_claw,
          gammafunk_ghost_abyssal_escape, kennysheep_generic_room_9

Skill      XL: |  1  2  3  4 |
---------------+-------------+-----
Dodging        | 3 4 |  4.0
Conjurations   | 3 4 |  4.4
Stealth        | |  2.4
Spellcasting   | |  3.0
Fire Magic     | |  3.2

Action                     |  1- 3 |  4- 6 || total
---------------------------+-------+-------++-------
  Melee: Staff             |    17 |    11 ||    28
         Unarmed           |     3 |       ||     3
         Punch             |     1 |       ||     1
   Cast: Foxfire           |    44 |    26 ||    70
         Scorch            |       |     3 ||     3
    Use: Scroll            |       |     3 ||     3
         Potion            |       |     2 ||     2
   Stab: Sleeping          |     2 |       ||     2
 Armour: Robe              |    27 |    20 ||    47
  Dodge: Dodged            |    35 |    28 ||    63
  Block: Other             |     8 |     8 ||    16
